Map: Romanticide LE

Players

Neeb

  • Race: Protoss Protoss
  • Spawn Location: 5:00

Stats - Winner!

  • Race: Protoss Protoss
  • Spawn Location: 11:00

Event: IEM Katowice 2021

VOD

Have the link to the VOD?

Description

Time

  • Played on: Feb. 25, 2021, 12:19 p.m.
  • Length: 8:29

All games in this series

Show
View Real Time Build Order
Export as new Build Order

Neeb Protoss 

Build Orders: Zealot Archon 

Get SALT Encoding   

  12  0:00  Probe  
  13  0:12  Probe  
  14  0:17  Pylon  
  14  0:24  Probe (Chrono Boost)  
  15  0:36  Probe (Chrono Boost)  
  15  0:37  Gateway  
  16  0:45  Probe (Chrono Boost)  
  16  0:46  Assimilator  
  17  0:51  Probe  
  18  0:57  Assimilator  
  18  1:03  Probe (Chrono Boost)  
  19  1:08  Gateway  
  19  1:13  Probe (Chrono Boost)  
  19  1:18  Probe (Chrono Boost)  
  21  1:25  Cybernetics Core  
  21  1:29  Probe  
  22  1:37  Pylon  
  22  1:41  Probe  
  23  1:55  Probe  
  24  2:02  Stalker, Sentry  
  24  2:05  Warp Gate (Chrono Boost)  
  24  2:07  Probe  
  29  2:16  Pylon  
  29  2:20  Probe  
  30  2:34  Sentry  
  30  2:36  Stalker  
  34  2:51  Nexus  
  34  2:53  Probe  
  35  3:03  Shield Battery  
  34  3:09  Probe  
  35  3:13  Twilight Council  
  35  3:20  Pylon  
  35  3:22  Probe (Chrono Boost)  
  35  3:26  Shield Battery  
  36  3:34  Probe (Chrono Boost)  
  37  3:37  Forge  
  37  3:40  Probe (Chrono Boost)  
  38  3:46  Shield Battery  
  38  3:47  Sentry  
  38  3:48  Probe  
  40  3:56  Stalker  
  40  4:01  Probe (Chrono Boost)  
  42  4:05  Probe (Chrono Boost)  
  42  4:09  Blink  
  42  4:11  Phoenix  
  42  4:15  Probe (Chrono Boost)  
  42  4:16  Probe (Chrono Boost)  
  44  4:20  Protoss Ground Weapons Level 1  
  44  4:24  Probe (Chrono Boost)  
  46  4:25  Probe (Chrono Boost)  
  46  4:28  Probe (Chrono Boost)  
  47  4:32  Probe  
  48  4:38  Probe  
  48  4:44  Probe  
  50  4:48  Nexus  
  50  4:51  Probe  
  51  4:58  Probe (Chrono Boost)  
  52  5:00  Robotics Facility  
  53  5:08  Probe (Chrono Boost)  
  53  5:10  Pylon, Probe (Chrono Boost)  
  54  5:16  Gateway  
  54  5:17  Gateway  
  54  5:18  Probe (Chrono Boost)  
  54  5:19  Probe (Chrono Boost)  
  56  5:21  Pylon  
  56  5:26  Probe (Chrono Boost)  
  58  5:32  Gateway  
  58  5:34  Probe (Chrono Boost)  
  59  5:35  Gateway  
  59  5:36  Probe (Chrono Boost)  
  59  5:41  Probe x2 (Chrono Boost)  
  60  5:47  Observer  
  62  5:53  Probe (Chrono Boost)  
  62  5:54  Probe (Chrono Boost)  
  64  6:00  Probe (Chrono Boost)  
  65  6:06  Pylon  
  65  6:09  Immortal  
  65  6:10  Probe (Chrono Boost)  
  65  6:11  Probe x2 (Chrono Boost)  
  71  6:17  Probe x2 (Chrono Boost)  
  71  6:18  Stalker x3  
  77  6:19  Probe  
  80  6:26  Pylon  
  80  6:28  Templar Archives  
  80  6:30  Probe  
  81  6:34  Nexus  
  81  6:38  Probe  
  81  6:39  Probe  
  83  6:42  Probe  
  84  6:49  Charge  
  84  6:52  Gateway  
  84  6:55  Gateway, Probe x3  
  84  6:57  Phoenix  
  84  6:58  Assimilator  
  84  6:59  Assimilator  
  87  7:02  Assimilator  
  87  7:04  Observer  
  87  7:06  Stalker  
  87  7:07  Probe x3  
  92  7:08  Assimilator  
  92  7:09  Pylon  
  92  7:10  Pylon  
  92  7:20  Zealot x4  
  100  7:29  Zealot  
  101  7:32  Zealot, Pylon x2  
  101  7:40  Gateway  
  101  7:41  Probe x2  
  101  7:42  Gateway  
  103  7:44  Pylon, Shield Battery  
  103  7:45  Gateway, High Templar  
  103  7:46  Zealot x2, High Templar  
  103  7:50  Archon  
  111  7:51  Probe  
  111  7:53  Zealot x3  
  111  7:57  Probe x2  
  120  7:59  Zealot  
  120  8:02  Shield Battery  
  120  8:05  Photon Cannon  
  122  8:10  High Templar  
  122  8:11  Zealot  
  126  8:15  Zealot, High Templar  
  126  8:16  Zealot  
  132  8:20  Archon  
  132  8:22  Zealot x3  
Show
View Real Time Build Order
Export as new Build Order

Stats Protoss - Winner!

Build Orders: Phoenix Opening, Zealot Archon 

Get SALT Encoding   

  12  0:00  Probe  
  13  0:13  Probe  
  14  0:17  Pylon  
  14  0:25  Probe (Chrono Boost)  
  15  0:36  Gateway  
  15  0:37  Probe (Chrono Boost)  
  16  0:44  Probe (Chrono Boost)  
  16  0:46  Assimilator  
  17  0:51  Probe  
  18  1:00  Assimilator  
  18  1:03  Probe (Chrono Boost)  
  19  1:08  Gateway  
  19  1:14  Probe (Chrono Boost)  
  20  1:19  Probe (Chrono Boost)  
  20  1:25  Cybernetics Core  
  21  1:30  Probe  
  22  1:36  Pylon  
  22  1:42  Probe  
  23  1:54  Probe  
  24  2:02  Adept x2, Warp Gate  
  24  2:06  Probe  
  29  2:13  Pylon  
  29  2:25  Pylon  
  29  2:32  Sentry x2  
  33  2:44  Nexus  
  33  2:50  Shield Battery  
  33  2:52  Probe  
  36  2:58  Sentry  
  36  3:06  Stalker  
  36  3:08  Phoenix  
  36  3:10  Probe  
  39  3:13  Pylon  
  39  3:26  Twilight Council  
  39  3:33  Probe (Chrono Boost)  
  40  3:38  Probe (Chrono Boost)  
  40  3:40  Forge  
  41  3:48  Probe (Chrono Boost), Phoenix  
  42  3:57  Probe (Chrono Boost)  
  42  4:01  Probe (Chrono Boost)  
  42  4:05  Blink  
  42  4:06  Probe (Chrono Boost)  
  42  4:11  Probe (Chrono Boost)  
  42  4:12  Protoss Ground Weapons Level 1  
  42  4:17  Probe (Chrono Boost)  
  43  4:19  Probe (Chrono Boost)  
  43  4:22  Robotics Facility  
  45  4:25  Probe (Chrono Boost)  
  45  4:26  Assimilator  
  45  4:28  Probe (Chrono Boost)  
  45  4:30  Probe (Chrono Boost)  
  46  4:35  Phoenix  
  46  4:37  Probe  
  48  4:41  Probe  
  48  4:43  Stalker x2  
  53  4:51  Nexus  
  53  4:53  Probe  
  53  4:54  Probe  
  53  4:57  Pylon  
  55  5:05  Probe  
  55  5:06  Pylon  
  55  5:07  Probe  
  57  5:09  Observer  
  58  5:15  Gateway  
  58  5:17  Gateway, Probe (Chrono Boost)  
  58  5:19  Probe (Chrono Boost)  
  60  5:25  Phoenix  
  62  5:29  Probe (Chrono Boost)  
  62  5:30  Probe (Chrono Boost)  
  62  5:33  Stalker  
  62  5:34  Stalker, Probe (Chrono Boost)  
  62  5:35  Probe (Chrono Boost)  
  67  5:40  Gateway  
  68  5:45  Probe x2  
  68  5:46  Gateway  
  70  5:52  Gateway  
  70  5:53  Gateway  
  71  5:57  Probe x2  
  73  6:04  Probe  
  73  6:08  Protoss Ground Weapons Level 2 (Chrono Boost)  
  73  6:09  Probe x2  
  75  6:14  Phoenix x2  
  75  6:16  Probe  
  75  6:18  Stalker x4, Observer (Chrono Boost)  
  82  6:21  Charge  
  84  6:25  Pylon  
  84  6:29  Pylon  
  84  6:31  Warp Prism (Chrono Boost)  
  84  6:38  Templar Archives  
  86  6:45  Gateway  
  86  6:46  Gateway  
  86  6:47  Pylon  
  86  6:54  Pylon  
  86  7:03  Nexus  
  86  7:10  Zealot x6  
  86  7:11  Zealot  
  100  7:36  Zealot x2, High Templar x2  
  100  7:37  Zealot x4  
  110  7:38  Pylon  
  110  7:39  Zealot  
  110  7:40  Archon  
  110  7:41  Zealot  
  110  7:42  Pylon  
  120  7:44  Pylon  
  120  7:49  Pylon  
  120  7:55  Probe x3  
  123  7:58  High Templar x2  
  123  7:59  Zealot x3  
  123  8:01  Zealot x3  
  123  8:02  Archon  
  139  8:07  Probe x3  
  139  8:09  Zealot x2  

Tags
 
Add a new tag
Caveats
  • Supply blocks, unpowered buildings, or Contaminate may cause inaccurate times.
  • Supply counts are checked every 10 seconds.